 Dungeon Crawl Stone Soup version 0.30.1-1-g62c8e00024 (webtiles) character file.

Game seed: 631472467723598409

393 Elmgren the Trooper (level 6, -2/58 HPs)
             Began as a Minotaur Fighter on July 11, 2023.
             Slain by Edmund
             ... wielding a +0 flail of venom
              (4 damage)
             ... on level 4 of the Dungeon on July 15, 2023.
             The game lasted 00:06:10 (2944 turns).

Elmgren the Trooper (Minotaur Fighter)              Turns: 2944, Time: 00:06:11

Health: -2/58      AC:  9    Str: 22    XL:     6   Next: 51%
Magic:  5/5        EV:  9    Int:  5    God:
Gold:   181        SH:  4    Dex: 10    Spells: 5/5 levels left

rFire   . . .        a - +1 flail (chaos)
rCold   . . .        c - +0 buckler
rNeg    . . .        f - +3 scale mail
rPois   .            (helmet restricted)
rElec   .            (no cloak)
rCorr   .            (no gloves)
SInv    .            (no boots)
Will    .....        (no amulet) Stlth
                     (no ring)
HPRegen 0.29/turn    (no ring)
MPRegen 0.09/turn

%: no passive effects
@: lethally poisoned (-2 -> -21)
A: horns 2, retaliatory headbutt
a: no special abilities


You were on level 4 of the Dungeon.
You visited 1 branch of the dungeon, and saw 4 of its levels.

You collected 181 gold pieces.

Inventory:

Hand Weapons
 a - a +1 flail of chaos (weapon)
Armour
 c - a +0 buckler (worn)
 f - a +3 scale mail (worn)
Wands
 k - a wand of paralysis (12)
Scrolls
 b - a scroll of fog
 n - a scroll of enchant armour {unknown}
Potions
 d - 2 potions of might
 e - 2 potions of magic
 g - 2 potions of ambrosia {unknown}
 h - 2 potions of heal wounds {unknown}
 i - a potion of curing {unknown}
 j - a potion of mutation {unknown}
 l - 2 potions of degeneration {unknown}
 m - a potion of attraction {unknown}


   Skills:
 + Level 6.8 Fighting
 + Level 6.2 Maces & Flails
 - Level 3.6 Armour
 - Level 3.6 Shields


You had 5 spell levels left.
You didn't know any spells.
Your spell library was empty.

Dungeon Overview and Level Annotations

Branches:
Dungeon (4/15) Zot: 21018
 Temple: D:4-7

Altars:
Qazlal

Shops:
D:1 :

Annotations:
D:3 2 transporters, Peloso's ghost, amateur MiFi
D:4 Edmund


Innate Abilities, Weirdness & Mutations

You have a pair of horns on your head.
You reflexively headbutt those who attack you in melee.


Message History

You thump the ogre! You freeze the ogre.
You kill the ogre!
Your Maces & Flails skill increases to level 6!
Edmund hits you but does no damage.
You are poisoned.
You closely miss Edmund.
You feel sick.
Edmund hits you with a +0 flail of venom!
You are more poisoned.
You take 11 damage, and have 47/58 hp.
You hit Edmund.
Edmund is poisoned.
You feel very sick. Edmund barely misses you. You furiously retaliate!
You headbutt Edmund!
Edmund hits you with a +0 flail of venom.
You are more poisoned.
You take 11 damage, and have 36/58 hp.
You hit Edmund. You burn Edmund. You headbutt Edmund.
You feel very sick.
Edmund hits you with a +0 flail of venom.
* * * LOW HITPOINT WARNING * * *
You are lethally poisoned!
You take 11 damage, and have 25/58 hp.
You hit Edmund. You freeze Edmund.
* * * LOW HITPOINT WARNING * * *
You feel extremely sick.
Edmund hits you with a +0 flail of venom.
* * * LOW HITPOINT WARNING * * *
You are more poisoned.
You take 11 damage, and have 14/58 hp.
As you read the scroll of fog, it crumbles to dust.
The scroll dissolves into smoke.
* * * LOW HITPOINT WARNING * * *
You feel extremely sick. Edmund barely misses you. You furiously retaliate!
You headbutt Edmund.
You take 7 damage, and have 7/58 hp.
* * * LOW HITPOINT WARNING * * *
You feel very sick.
You take 5 damage, and have 2/58 hp.
Edmund attacks as you move away!
Edmund hits you with a +0 flail of venom.
You die...

#.# ##.#........ #.# #...#.#.#...
...# ######.# #..#.....### #..###
.....#.## #..#.#.#.## #..!..
~≈~.....###†.#....#.. ......
.~.~≈....##..#.####.## ##.....
~≈###....##..#.# #.# #......
~.♣.~#.#)##..#§####§# #.=....
#♣.≈...#..)...§§@@§§#######..?...
~~.~..##.##..#§####§##.~.@~~.....
~~##†.#..##....# #)#..~.~.....~.
♣.~..##..###.#.## ##...O.........
.~~.~##..###.#..#≈≈≈≈≈~~~≈~~~.~≈~
.~♣~.)..........##≈≈≈≈≈~~~~~~~~~≈
.....###.###....####.....~....)..
###### #.# #..........~~.~.......
#.###..........#.####...##


You could see Edmund (poisoned).

Vanquished Creatures
  Pargi (D:4)
  An ogre (D:4)
  A hound (D:4)
  A gnoll bouda (D:4)
  An iguana (D:4)
  3 gnolls (D:4)
  3 adders
  2 worms (D:2)
  2 dart slugs (D:1)
  An orc (D:3)
  2 ball pythons (D:1)
  7 bats
  3 endoplasms
  4 giant cockroaches
  7 goblins
  7 hobgoblins
  11 kobolds
  A quokka (D:1)
  4 frilled lizards
  6 rats
68 creatures vanquished.

Notes
Turn   | Place    | Note
-------+----------+-------------------------------------------
     0 | D:1      | Elmgren the Minotaur Fighter began the quest for the Orb.
     0 | D:1      | Reached XP level 1. HP: 19/19 MP: 0/0
    65 | D:1      | Found Sodatzye's Book Emporium.
   110 | D:1      | You fall into a shaft and drop 1 floor!
   211 | D:2      | Reached XP level 2. HP: 27/27 MP: 1/1
   494 | D:1      | Reached XP level 3. HP: 34/34 MP: 2/2
  1035 | D:2      | Upgraded the game from 0.30.1 to 0.30.1-1-g62c8e00024
  1112 | D:2      | Reached XP level 4. HP: 37/41 MP: 3/3
  1711 | D:3      | Reached skill level 5 in Fighting
  1781 | D:3      | Found a stormy altar of Qazlal.
  1820 | D:3      | Found a transporter.
  1863 | D:3      | Found a transporter.
  1865 | D:3      | Noticed a phantom
  1868 | D:3      | Noticed Peloso's ghost (amateur MiFi)
  2636 | D:4      | Noticed Pargi
  2643 | D:4      | Killed Pargi
  2644 | D:4      | Reached skill level 5 in Maces & Flails
  2644 | D:4      | Reached XP level 5. HP: 48/50 MP: 4/4
  2761 | D:4      | Reached XP level 6. HP: 32/57 MP: 5/5
  2916 | D:4      | Noticed Edmund
  2943 | D:4      | HP: 2/58 [poisoned by Edmund]
  2944 | D:4      | Slain by Edmund

Illustrated notes

Levels and vault maps discovered:
D:1:      mrwooster_arrival_arrow, layout_rooms, serial_shops, shop
D:2:      layout_basic
D:3:      layout_basic, grunt_qazlal_clouds, gammafunk_ghost_mausoleum
D:4:      layout_loops_ring, serial_rivers, chequers_serial_rivers_small_3,
          chequers_serial_rivers_micro_e, chequers_serial_rivers_small_3,
          chequers_serial_rivers_marsh, hex_tiny, uniq_pargi, uniq_robin,
          uniq_pikel, uniq_edmund

Skill      XL: |  1  2  3  4  5  6 |
---------------+-------------------+-----
Fighting       | 4 5 6 |  6.8
Maces & Flails | 3 4 5 6 |  6.2
Armour         | |  3.6
Shields        | |  3.6

Action                     |  1- 3 |  4- 6 || total
---------------------------+-------+-------++-------
  Melee: Flail             |    74 |    62 ||   136
         Headbutt          |     6 |    12 ||    18
    Use: Scroll            |     3 |     5 ||     8
 Armour: Scale mail        |    37 |    18 ||    55
  Dodge: Dodged            |    33 |    27 ||    60
  Block: Buckler           |    26 |    10 ||    36
